 Dungeon Crawl Stone Soup version 0.30.1-11-g7821555f0a (webtiles) character file.

Game seed: 14783542548182950353

441407 cyclaam the Slayer (level 22, 0/224 HPs)
             Began as a Minotaur Berserker on Nov 13, 2023.
             Was the Champion of Trog.
             Slain by a golden dragon (21 damage)
             ... on level 3 of the Depths on Nov 14, 2023.
             The game lasted 05:59:36 (47687 turns).

cyclaam the Slayer (Minotaur Berserker)            Turns: 47687, Time: 05:59:37

Health: 0/224      AC: 44    Str: 35    XL:     22   Next: 71%
Magic:  21/21      EV: 16    Int:  6    God:    Trog [******]
Gold:   3342       SH: 21    Dex: 15    Spells: 21/21 levels left

rFire   + + .        H - +11 morningstar of Extermination {heavy, rN++ Stlth+}
rCold   + + .        S - +0 tower shield
rNeg    + + .        y - +6 crystal plate armour of Ignis's Condemnation {rPois Str+4 Stlth+}
rPois   +            Q - +2 hat
rElec   .            k - scarf of the Blind Marksman {+Inv, rF++ rC+ rCorr Int+2}
rCorr   +            A - +2 pair of gloves {Dex+3}
SInv    .            w - +2 pair of boots
Will    +++..        o - amulet of regeneration Stlth
                     f - ring "Ufaw" {Fly rPois Slay+3 Stlth+}
HPRegen 2.37/turn    b - ring of protection from cold
MPRegen 0.17/turn

%: no passive effects
@: lethally poisoned (0 -> -1), flayed, strong-willed, flying, regenerating,
hasted, studying Polearms, very quick
A: horns 2, retaliatory headbutt
}: 3/15 runes: decaying, silver, gossamer
a: Renounce Religion, Evoke Invisibility, Berserk, Trog's Hand, Brothers in Arms


You were on level 3 of the Depths.
You worshipped Trog.
Trog was exalted by your worship.
You visited 7 branches of the dungeon, and saw 38 of its levels.
You visited the Abyss 2 times.
You visited 1 bazaar.
You also visited: Sewer and Volcano.

You collected 5443 gold pieces.
You spent 2101 gold pieces at shops.

Inventory:

Hand Weapons
 H - the +11 morningstar of Extermination (weapon) {heavy, rN++ Stlth+}
   (Trog gifted it to you on level 2 of the Spider Nest)

   rN:        It greatly protects you from negative energy.
   Stlth:     It makes you more stealthy.
 W - a +4 demon whip of venom
Missiles
 c - 6 throwing nets
 m - 9 curare-tipped darts
 t - 61 poisoned darts (quivered)
Armour
 k - the scarf of the Blind Marksman (worn) {+Inv, rF++ rC+ rCorr Int+2}
   (You acquired it on level 11 of the Dungeon)

   Int:       It affects your intelligence (+2).
   rF:        It greatly protects you from fire.
   rC:        It protects you from cold.
   rCorr:     It protects you from acid and corrosion.
 p - the +5 chain mail "Zelodemeoc" {rElec rN+ rCorr Dex+3}
   (You found it on level 5 of the Lair of Beasts)

   Dex:       It affects your dexterity (+3).
   rElec:     It insulates you from electricity.
   rN:        It protects you from negative energy.
   rCorr:     It protects you from acid and corrosion.
 w - a +2 pair of boots (worn)
 y - the +6 crystal plate armour of Ignis's Condemnation (worn) {rPois Str+4 Stlth+}
   (You found it on level 13 of the Dungeon)

   Str:       It affects your strength (+4).
   rPois:     It protects you from poison.
   Stlth:     It makes you more stealthy.
 A - a +2 pair of gloves of dexterity (worn)
 C - a +2 plate armour of cold resistance
 L - a +8 plate armour of fire resistance
 Q - a +2 hat (worn)
 S - a +0 tower shield (worn)
 Z - an orb of mayhem
Jewellery
 b - a ring of protection from cold (right hand)
 f - the ring "Ufaw" (left hand) {Fly rPois Slay+3 Stlth+}
   (You acquired it on level 5 of the Vaults)

   [ring of flight]

   Slay:      It affects your accuracy & damage with ranged weapons and melee
   (+3).
   rPois:     It protects you from poison.
   Fly:       It grants you flight.
   Stlth:     It makes you more stealthy.
 o - an amulet of regeneration (around neck)
 P - a +6 ring of dexterity
 Y - the ring "Obikaicehe" {rN+ Dex+4}
   (You found it on level 2 of the Depths)

   [ring of positive energy]

   Dex:       It affects your dexterity (+4).
   rN:        It protects you from negative energy.
Wands
 a - a wand of iceblast (22)
 q - a wand of polymorph (2)
 B - a wand of paralysis (22)
 G - a wand of mindburst (46)
 K - a wand of digging (7)
 V - a wand of flame (53)
 X - a wand of quicksilver (3)
Scrolls
 d - a scroll of magic mapping
 j - a scroll of silence
 l - 26 scrolls of teleportation
 r - 2 scrolls of blinking
 u - 4 scrolls of butterflies
 v - 4 scrolls of fog
 E - 7 scrolls of fear
 F - 2 scrolls of brand weapon
 O - 5 scrolls of enchant weapon
 R - 2 scrolls of poison
 T - 2 scrolls of enchant armour
Potions
 e - 2 potions of invisibility
 h - 9 potions of flight
 i - 5 potions of heal wounds
 s - 9 potions of ambrosia
 x - 4 potions of cancellation
 z - a potion of berserk rage
 I - 6 potions of haste
 J - 15 potions of curing
 M - 2 potions of resistance
 N - 5 potions of might
Miscellaneous
 g - a lightning rod (2/4)
 n - a box of beasts
 D - a phantom mirror (inert)
 U - a phial of floods (inert)


   Skills:
 + Level 24.8 Fighting
 - Level 16.0 Maces & Flails
 - Level 10.0 Throwing
 + Level 22.1 Armour
 + Level 20.6 Dodging
 - Level 20.0 Shields
 + Level 12.2 Evocations


You had 21 spell levels left.
You didn't know any spells.
Your spell library was empty.

Dungeon Overview and Level Annotations

Branches:
Dungeon (15/15)            Temple (0/1) D:6            Lair (5/5) D:10
  Swamp (4/4) Lair:3       Spider (4/4) Lair:2        Slime (0/5) Lair:4
    Orc (2/2) D:10            Elf (0/3) Orc:2        Vaults (5/5) D:14
  Crypt (0/3) Vaults:3     Depths (3/4) D:15          Sewer (visited)
Volcano (visited)

Altars:
Cheibriados
Fedhas
Gozag
Hepliaklqana
Nemelex Xobeh
Okawaru
Qazlal
Ru
Sif Muna
Uskayaw
Vehumet
Xom
Yredelemnul
Zin
The Shining One

Shops:
D:3 [   Orc:2 [?[[   Vaults:4 *(::[   Depths:2 :

Portals:
Hell: Depths:1 Depths:2
Pandemonium: Depths:1 Depths:2


Innate Abilities, Weirdness & Mutations

You have a pair of horns on your head.
You reflexively headbutt those who attack you in melee.


Message History

The deep troll earth mage claws your golden dragon!
The deep troll earth mage claws your golden dragon but does no damage.
The frost giant hits you with a +2 battleaxe of freezing!!
The frost giant freezes you.
The golden dragon bites you but does no damage.
The golden dragon claws you but does no damage.
The golden dragon tramples you but does no damage.
You block the flayed ghost's attack.
Your stone giant hits the walking frostbound tome!!!
The spark wasp stings you!
* * * LOW HITPOINT WARNING * * *
The spark wasp shocks you!
* * * LOW HITPOINT WARNING * * *
The spark wasp stings you but does no damage.
The green ugly thing kicks you but does no damage.
You feel much better. The walking frostbound tome misses you.
You block the spriggan rider's attack.
Your stone giant hits the walking frostbound tome.
The spark wasp stings you but does no damage.
The spark wasp stings you!
* * * LOW HITPOINT WARNING * * *
The spark wasp shocks you!
* * * LOW HITPOINT WARNING * * *
The flayed ghost stares at you with tortured malice.
Terrible wounds spread across more of your body!
* * * LOW HITPOINT WARNING * * *
The frost giant hits you with a +2 battleaxe of freezing!!
* * * LOW HITPOINT WARNING * * *
The frost giant freezes you.
* * * LOW HITPOINT WARNING * * *
The deep troll earth mage barely misses your golden dragon.
The deep troll earth mage claws your golden dragon!
The deep troll earth mage claws your golden dragon.
Your golden dragon bites the deep troll earth mage.
The deep troll earth mage dies!
Trog accepts your kill.
Trog appreciates your killing of a magic user.
The troll leather armour is intact enough to wear.
The golden dragon bites you!!
You die...

#.##.# .. ##...W . .#)#.#
###. #..#C# #.# #...#..i..#
##### #.####.##.TT##u# ....#
#...##.#DD~i##.# ###.#
##.#.##.#[DyT##.# ~~#.#
#..~~≈~~.y@Cy...# ~~#.#
#..~###~.W;ui#..#
~~#.###..~≈≈≈~.C...#........
~~#.+....≈≈#≈~....###+####+#
Em#.###..~≈#≈≈...## ###.#
##.~≈#≈≈#..# ....#
#.~≈≈≈~#.## ....# #.~###~...
....####.≈≈≈≈~..##


You could see a golden dragon (unsilenced, waterlogged), a storm dragon
(unsilenced, waterlogged), a frost giant (waterlogged), a walking frostbound
tome (ally target), 2 iron trolls, a spriggan defender (waterlogged), a green
ugly thing, 3 spark wasps, a spriggan rider (waterlogged), a flayed ghost, a
spriggan air mage (repels missiles), a deep troll shaman, a friendly golden
dragon (summoned, drained) and a friendly stone giant (summoned, berserk).

Vanquished Creatures
  A dread lich (Vaults:5)
  2 ancient liches (Vaults:5)
  the Lernaean hydra (Swamp:4)
  Bai Suzhen (Vaults:5)
  Frederick (Vaults:5)
  The ghost of vegansnacktivist the Executioner, an adept DDFi of Makhleb (Vaults:2)
  A bone dragon (Abyss:3)
  Arachne (Spider:4)
  Rupert (Lair:3)
  Jorgrun (Swamp:1)
  6 tentacled monstrosities
  A deep elf blademaster (Depths:2)
  3 liches
  A quicksilver dragon (Vaults:5)
  8 sphinxes
  Gastronok (D:8)
  2 tentacled starspawn
  4 tengu reavers (Vaults:5)
  Frances (Swamp:1)
  A thorn hunter (Swamp:2)
  3 shadow dragons (Vaults:5)
  3 storm dragons
  5 emperor scorpions
  A fenstrider witch (Swamp:1)
  A frost giant (Depths:3)
  2 deep elf sorcerers
  3 fire giants
  2 ghost moths (Spider:4)
  3 iron dragons
  10 vault wardens
  2 orc warlords (Depths:2)
  2 broodmothers
  2 spriggan defenders (Depths:2)
  The ghost of Atuovvy the Martial Artist, a journeyman GnTm of Ashenzari (D:13)
  5 war gargoyles
  13 stone giants
  17 ironbound preservers
  8 ironbound thunderhulks
  27 very ugly things
  A deep elf demonologist (Vaults:5)
  The ghost of Paduqach the Unseen, a journeyman OpEE of Sif Muna (Lair:4)
  The ghost of Winsalot the Basher, a journeyman GnCA of Xom (Lair:3)
  2 deep elf annihilators (Vaults:5)
  A red draconian (Volcano)
  11 dire elephants
  An eleionoma (Swamp:4)
  8 spark wasps
  4 bunyips
  The ghost of krest322 the Cleaver, a journeyman HOFi of Beogh (Orc:2)
  3 deep elf death magi (Vaults:5)
  Josephine (D:10)
  7 ettins
  A crystal guardian (Vaults:4)
  6 entropy weavers
  27 vault guards
  2 fire dragons
  Fannar (D:11)
  A deep elf high priest (Vaults:1)
  6 yaktaur captains
  7 great orbs of eyes
  4 ghost crabs
  3 rakshasas
  8 ogre magi
  3 ice dragons
  8 ironbound frosthearts
  3 peacekeepers
  3 jorogumos (Spider:3)
  3 radroaches
  3 catoblepae
  20 hydras
  3 spriggan air magi
  5 alligators
  7 boulder beetles
  An anaconda (Swamp:2)
  26 two-headed ogres
  12 death yaks
  17 centaur warriors
  A dancing weapon (D:13)
  5 tengu warriors
  3 deep troll earth magi
  3 spriggan berserkers
  A vampire mage (Abyss:2)
  A thrashing horror (Abyss:3)
  6 hell knights
  3 iron trolls (Depths:1)
  2 deep elf knights (Depths:2)
  3 soul eaters
  3 wretched stars (Abyss:3)
  5 sun demons (Depths:1)
  Amaemon (D:10)
  2 skysharks
  2 spectral bunyips (Swamp:4)
  A fire crab (shapeshifter) (Vaults:5)
  3 pharaoh ants
  3 goliath frogs
  5 skeletal warriors (D:13)
  A spectral anaconda (Lair:5)
  A skyshark (shapeshifter) (Vaults:5)
  5 spriggan druids
  A shadow demon (Depths:1)
  2 glowing orange brains
  A sun moth (Spider:1)
  A spectral death yak (Lair:4)
  Lodul (D:11)
  A death drake (Abyss:3)
  A spectral hydra (Lair:4)
  36 deep trolls
  2 bog bodies
  3 flayed ghosts
  15 swamp dragons
  2 phantasmal warriors (Vaults:5)
  8 orb spiders
  3 lindwurms (Vaults:2)
  12 harpies
  2 deep elf archers (Depths:2)
  6 wizards
  10 steelbarb worms
  11 orc knights
  12 starcursed masses
  An obsidian statue (Lair:5)
  8 necromancers
  26 ugly things
  16 ironbound convokers
  2 spectral spriggans (Swamp:4)
  An orc sorcerer (Orc:2)
  3 manticores
  2 moths of wrath
  20 wolf spiders
  A deep elf pyromancer (D:14)
  4 will-o-the-wisps
  9 cyclopes
  2 salamanders (Depths:1)
  30 elephants
  A worldbinder (Abyss:3)
  Maurice (D:13)
  A dire elephant zombie (Lair:5)
  14 slime creatures
  2 torpor snails
  6 black mambas
  12 vault sentinels
  2 orange demons
  2 smoke demons
  An eye of devastation (shapeshifter) (Vaults:5)
  An eye of devastation (Abyss:2)
  An apocalypse crab (Abyss:3)
  15 cane toads
  6 demonic crawlers
  18 yaktaurs
  An efreet (Abyss:2)
  Psyche (D:11)
  A komodo dragon (shapeshifter) (D:13)
  A dire elephant skeleton (Lair:5)
  2 kobold demonologists
  2 rime drakes
  3 freezing wraiths
  An ice devil (Depths:1)
  A red devil (Depths:1)
  6 trolls
  3 tengu conjurers
  8 komodo dragons
  2 ancient zymes
  A meliai (shapeshifter) (Vaults:5)
  2 meliai
  9 tyrant leeches
  A spectral elephant (Lair:5)
  A polar bear (Lair:3)
  23 tarantellas
  24 hornets
  20 blink frogs
  A culicivora (shapeshifter) (Depths:2)
  34 jumping spiders
  4 ynoxinuls
  3 shadows
  20 culicivoras
  17 spriggans
  10 wraiths
  6 water elementals
  4 wyverns
  A human (shapeshifter) (Vaults:5)
  12 vampire mosquitoes
  Grum (D:11)
  6 basilisks
  49 yaks
  A hog (D:13)
  3 death yak simulacra (Lair:5)
  69 redbacks
  Menkaure (D:4)
  5 small abominations
  3 chaos spawn
  4 steam dragons
  2 spectral cane toads (Lair:5)
  11 swamp worms
  A warg (Orc:2)
  A hydra simulacrum (Lair:4)
  3 acid dragons
  23 water moccasins
  3 sky beasts
  10 swamp drakes
  An ice beast (D:5)
  15 orc warriors
  A black mamba simulacrum (Lair:4)
  2 elephant zombies (Lair:5)
  A black bear (D:5)
  5 large abominations
  A spriggan simulacrum (Swamp:4)
  35 ogres
  3 wolves (D:11)
  17 centaurs
  7 kobold brigands
  2 phantoms
  9 bullfrogs
  A gnoll sergeant (D:12)
  4 scorpions
  5 wights
  A cane toad simulacrum (Lair:5)
  A dream sheep simulacrum (Lair:4)
  2 elephant simulacra (Lair:5)
  7 killer bees
  3 vampire bats (D:4)
  15 howler monkeys
  5 electric eels (D:14)
  3 jellies
  A quasit (Abyss:2)
  A hound (D:6)
  12 orc priests
  5 iguanas
  A gnoll bouda (D:7)
  30 orc wizards
  A mummy (D:3)
  9 gnolls
  9 adders
  3 river rats
  2 white imps
  An ufetubus (Abyss:2)
  2 worms
  3 dart slugs
  53 orcs
  4 endoplasms (D:2)
  6 giant cockroaches
  5 goblins
  8 hobgoblins
  8 jackals
  26 kobolds
  6 quokkas
  5 ball pythons
  11 bats
  11 frilled lizards (D:1)
  15 rats
1574 creatures vanquished.

Vanquished Creatures (collateral kills)
  A stone giant (Depths:3)
  A deep troll earth mage (Depths:3)
  A black mamba (Lair:3)
  3 elephants (Lair:3)
6 creatures vanquished.

Vanquished Creatures (others)
  The ghost of Hatzish the Severer, an adept NaFi of Cheibriados (Swamp:4)
  2 fenstrider witches
  A ghost moth (Spider:4)
  A very ugly thing (Depths:1)
  A shambling mangrove (Swamp:3)
  A spriggan druid (Swamp:4)
  2 bog bodies (Swamp:4)
  An elephant (Lair:5)
  A bunyip simulacrum (Swamp:4)
  5 bloated husks
  A hornet (Swamp:3)
  A swamp worm (Swamp:2)
  8 foxfires
  4 starspawn tentacles
30 creatures vanquished.

Grand Total: 1610 creatures vanquished

Notes
Turn   | Place    | Note
-------+----------+-------------------------------------------
     0 | D:1      | cyclaam the Minotaur Berserker began the quest for the Orb.
     0 | D:1      | Reached XP level 1. HP: 19/19 MP: 0/0
    66 | D:1      | Reached XP level 2. HP: 24/27 MP: 1/1
   157 | D:1      | Reached skill level 4 in Fighting
   243 | D:1      | Reached XP level 3. HP: 28/33 MP: 2/2
   364 | D:1      | Reached ** piety under Trog
  1327 | D:2      | Reached XP level 4. HP: 37/40 MP: 3/3
  2216 | D:3      | Reached skill level 5 in Maces & Flails
  2228 | D:3      | Found a faded altar of an unknown god.
  2253 | D:3      | Reached *** piety under Trog
  2311 | D:3      | Found Ycvadgheirgh's Antique Armour Boutique.
  2420 | D:3      | Found a snail-covered altar of Cheibriados.
  2430 | D:3      | Reached XP level 5. HP: 47/47 MP: 4/4
  2566 | D:3      | Identified the +0 whip of Wealth {heavy, rF+}
  2856 | D:4      | You fall into a shaft and drop 1 floor!
  2856 | D:5      | Entered Level 5 of the Dungeon
  2861 | D:5      | Found a sacrificial altar of Ru.
  2939 | D:5      | Noticed a centaur
  2945 | D:5      | Killed a centaur
  2946 | D:5      | Reached XP level 6. HP: 55/55 MP: 5/5
  2956 | D:5      | Reached skill level 5 in Fighting
  3246 | D:5      | Found a glowing drain.
  3264 | Sewer    | Entered a sewer
  3388 | Sewer    | Reached XP level 7. HP: 61/61 MP: 6/6
  3449 | Sewer    | Found a glowing silver altar of Zin.
  3802 | D:5      | Reached skill level 5 in Armour
  3813 | D:5      | Found a hazy altar of Hepliaklqana.
  4110 | D:5      | Reached skill level 6 in Fighting
  4205 | D:5      | Found a hide-covered altar of Uskayaw.
  4355 | D:6      | Reached skill level 5 in Dodging
  4355 | D:6      | Reached XP level 8. HP: 70/70 MP: 7/7
  4451 | D:6      | Found a staircase to the Ecumenical Temple.
  5577 | D:7      | Reached skill level 7 in Fighting
  5732 | D:7      | Reached XP level 9. HP: 28/79 MP: 8/8
  5827 | D:7      | Reached **** piety under Trog
  5883 | D:7      | Reached skill level 10 in Maces & Flails
  6150 | D:7      | Found a glowing golden altar of the Shining One.
  6161 | D:7      | Found an opulent altar of Gozag.
  6677 | D:7      | Found a radiant altar of Vehumet.
  6702 | D:7      | Found a sparkling altar of Nemelex Xobeh.
  6979 | D:8      | Reached skill level 8 in Fighting
  7127 | D:8      | Noticed a two-headed ogre
  7644 | D:8      | Killed a two-headed ogre
  7645 | D:8      | Reached XP level 10. HP: 90/90 MP: 9/9
  7999 | D:8      | Identified the staff of fire "Kixem" {rF+ Will+ Str+4}
  8254 | D:8      | Found a glowing silver altar of Zin.
  8578 | D:8      | Noticed Gastronok
  8589 | D:8      | Killed Gastronok
  8590 | D:8      | Reached skill level 9 in Fighting
  8720 | D:9      | Reached skill level 10 in Fighting
  9229 | D:9      | Found a shimmering blue altar of Sif Muna.
  9252 | D:9      | Found a blossoming altar of Fedhas.
  9594 | D:9      | Noticed a two-headed ogre
  9604 | D:9      | Killed a two-headed ogre
  9732 | D:10     | Entered Level 10 of the Dungeon
  9883 | D:10     | Reached XP level 11. HP: 101/101 MP: 10/10
  9938 | D:10     | Reached skill level 1 in Shields
  9966 | D:10     | Found a staircase to the Orcish Mines.
 10184 | D:10     | Noticed Amaemon
 10205 | D:10     | Killed Amaemon
 10206 | D:10     | Reached skill level 10 in Armour
 10363 | D:10     | Reached skill level 11 in Fighting
 10695 | D:10     | Found a basalt altar of Yredelemnul.
 10940 | D:10     | Noticed Josephine
 10946 | D:10     | Reached skill level 5 in Shields
 10956 | D:10     | Killed Josephine
 10989 | D:10     | Found a staircase to the Lair.
 11168 | D:10     | Noticed a two-headed ogre
 11176 | D:10     | Killed a two-headed ogre
 11177 | D:10     | Reached skill level 10 in Dodging
 11368 | D:11     | Noticed Fannar
 11430 | D:11     | Killed Fannar
 11641 | D:11     | Reached XP level 12. HP: 112/112 MP: 11/11
 11656 | D:11     | Reached skill level 12 in Fighting
 11670 | D:11     | Noticed Lodul
 11680 | D:11     | Killed Lodul
 11700 | D:11     | Reached ***** piety under Trog
 12023 | D:4      | Found a stormy altar of Qazlal.
 12662 | D:4      | Noticed Menkaure
 12666 | D:4      | Killed Menkaure
 13044 | D:3      | Bought a runed plate armour for 520 gold pieces
 13519 | D:11     | Noticed Psyche
 13530 | D:11     | Killed Psyche
 13709 | D:11     | Noticed Grum
 13723 | D:11     | Killed Grum
 13872 | D:11     | Identified a scroll of acquirement
 13872 | D:11     | Acquired the scarf of the Blind Marksman {+Inv, rF++ rC+
                  | rCorr Int+2}
 13911 | Lair:1   | Entered Level 1 of the Lair of Beasts
 14375 | Lair:1   | Identified the +1 robe of Nalet {rN+ Regen+ MP-9}
 15035 | Lair:2   | Reached skill level 10 in Shields
 15088 | Lair:2   | Found a hole to the Spider Nest.
 15278 | Lair:2   | Noticed a death yak
 15278 | Lair:2   | Noticed a death yak
 15291 | Lair:2   | Noticed a death yak
 15292 | Lair:2   | Noticed a death yak
 15293 | Lair:2   | Noticed a death yak
 15293 | Lair:2   | Killed a death yak
 15305 | Lair:2   | Killed a death yak
 15313 | Lair:2   | Killed a death yak
 15314 | Lair:2   | Reached skill level 13 in Fighting
 15324 | Lair:2   | Killed a death yak
 15325 | Lair:2   | Killed a death yak
 15666 | Lair:2   | Reached XP level 13. HP: 122/122 MP: 12/12
 16416 | Lair:3   | Noticed Rupert
 16449 | Lair:3   | Killed Rupert
 16514 | Lair:3   | Found a staircase to the Swamp.
 16791 | Lair:3   | Found a runed translucent door.
 16796 | Lair:3   | Noticed Winsalot's ghost (journeyman GnCA)
 16818 | Lair:3   | Killed Winsalot's ghost
 16824 | Lair:3   | Identified the ring of Uheob {Wiz rF+ Int+3}
 17205 | Lair:4   | Received a gift from Trog
 17232 | Lair:4   | Reached skill level 14 in Fighting
 17455 | Lair:4   | Found a staircase to the Slime Pits.
 17550 | Lair:4   | Reached XP level 14. HP: 118/132 MP: 13/13
 18045 | Lair:4   | Found a runed translucent gate.
 18045 | Lair:4   | Found a runed translucent gate.
 18047 | Lair:4   | Found a runed translucent gate.
 18050 | Lair:4   | Noticed Paduqach's ghost (journeyman OpEE)
 18140 | Lair:4   | Killed Paduqach's ghost
 18141 | Lair:4   | Reached skill level 1 in Evocations
 18338 | Lair:5   | Entered Level 5 of the Lair of Beasts
 18457 | Lair:5   | Received a gift from Trog
 19400 | Lair:5   | Reached skill level 15 in Fighting
 19986 | Lair:5   | Identified the +5 chain mail "Zelodemeoc" {rElec rN+ rCorr
                  | Dex+3}
 20503 | Orc:1    | Entered Level 1 of the Orcish Mines
 20829 | Orc:1    | Found a dark tunnel.
 20838 | Volcano  | Entered a volcano
 20857 | Volcano  | Found a burning altar of Makhleb.
 20867 | Volcano  | Reached skill level 1 in Throwing
 20867 | Volcano  | Reached XP level 15. HP: 141/141 MP: 14/14
 20896 | Volcano  | Reached skill level 15 in Shields
 20975 | Volcano  | Reached skill level 15 in Armour
 21105 | Orc:2    | Entered Level 2 of the Orcish Mines
 21172 | Orc:2    | Paralysed by something for 3 turns
 21446 | Orc:2    | Found Ceofaoh's Antique Armour Boutique.
 21446 | Orc:2    | Found Monish's Antique Armour Emporium.
 21447 | Orc:2    | Found Liakowo's Magic Scroll Emporium.
 21447 | Orc:2    | Found Cafusseck's Armour Shop.
 21477 | Orc:2    | Received a gift from Trog
 21505 | Orc:2    | Bought a scroll of enchant weapon for 82 gold pieces
 21505 | Orc:2    | Bought a scroll of identify for 22 gold pieces
 21505 | Orc:2    | Bought a scroll of identify for 22 gold pieces
 21508 | Orc:2    | Reached XP level 16. HP: 151/151 MP: 15/15
 21510 | Orc:2    | Bought a pair of glowing boots for 255 gold pieces
 21587 | Orc:2    | Found a staircase to the Elven Halls.
 21953 | Orc:2    | Noticed krest322's ghost (journeyman HOFi)
 21968 | Orc:2    | Found a transporter.
 21971 | Orc:2    | Identified the +1 great mace of Articulation {protect,
                  | MP+9}
 21987 | Orc:2    | Found a transporter.
 22015 | Orc:2    | Killed krest322's ghost
 22452 | D:12     | Reached skill level 16 in Fighting
 23443 | D:13     | Found a runed translucent door.
 23443 | D:13     | Found a shimmering altar of Xom.
 23443 | D:13     | Noticed Atuovvy's ghost (journeyman GnTm)
 23443 | D:13     | Identified the +5 war axe "Minotaur's Curse" {chaos, rCorr
                  | MP+9 Dex-2}
 23446 | D:13     | Noticed Maurice
 23458 | D:13     | Killed Maurice
 23500 | D:13     | Killed Atuovvy's ghost
 23501 | D:13     | Identified the +6 crystal plate armour of Ignis's
                  | Condemnation {rPois Str+4 Stlth+}
 23617 | D:13     | Identified the +1 robe of the Goldsmith {Regen+ rCorr}
 24099 | D:13     | Reached ****** piety under Trog
 24180 | D:13     | Received a gift from Trog
 24218 | D:13     | Found a shimmering blue altar of Sif Muna.
 24807 | D:14     | Reached XP level 17. HP: 149/158 MP: 16/16
 24864 | D:14     | Found a gate to the Vaults.
 25321 | D:15     | Entered Level 15 of the Dungeon
 26082 | D:15     | Found a staircase to the Depths.
 26470 | Swamp:1  | Entered Level 1 of the Swamp
 27385 | Swamp:1  | Paralysed by a fenstrider witch for 2 turns
 27406 | Swamp:1  | Reached skill level 15 in Maces & Flails
 27642 | Spider:1 | Entered Level 1 of the Spider Nest
 27800 | Spider:1 | Received a gift from Trog
 28989 | Spider:2 | Identified the +11 morningstar of Extermination {heavy,
                  | rN++ Stlth+} (Trog gifted it to you on level 2 of the
                  | Spider Nest)
 28989 | Spider:2 | Received a gift from Trog
 29226 | Spider:2 | Reached skill level 15 in Dodging
 29469 | Spider:2 | Identified the +0 glaive "Buod" {elec, +Blink Str+4}
 30309 | Spider:3 | Reached skill level 17 in Fighting
 30388 | Spider:3 | Reached skill level 10 in Throwing
 30388 | Spider:3 | Reached XP level 18. HP: 168/169 MP: 17/17
 30399 | Spider:3 | Received a gift from Trog
 30866 | Spider:3 | Identified the +3 leather armour of the Ten Xalams {Int+4}
 31148 | Spider:4 | Entered Level 4 of the Spider Nest
 31223 | Spider:4 | Noticed Arachne
 31259 | Spider:4 | Killed Arachne
 31920 | Spider:4 | Received a gift from Trog
 32093 | Spider:4 | Got a gossamer rune of Zot
 32576 | Swamp:1  | Identified the +0 scale mail of Fapnees {Fly rC+}
 32654 | Swamp:1  | Noticed Jorgrun
 32665 | Swamp:1  | Killed Jorgrun
 32821 | Swamp:1  | Noticed Frances
 32835 | Swamp:1  | Killed Frances
 33929 | Swamp:3  | Reached skill level 18 in Fighting
 34632 | Swamp:4  | Entered Level 4 of the Swamp
 34908 | Swamp:4  | Received a gift from Trog
 35018 | Swamp:4  | Found a transporter.
 35042 | Swamp:4  | Reached XP level 19. HP: 163/180 MP: 18/18
 35056 | Swamp:4  | Noticed Hatzish's ghost (adept NaFi)
 35077 | Swamp:4  | Killed Hatzish's ghost
 35078 | Swamp:4  | Reached skill level 5 in Evocations
 35098 | Swamp:4  | Found a transporter.
 35558 | Swamp:4  | Noticed the 27-headed Lernaean hydra
 35567 | Swamp:4  | Killed the 27-headed Lernaean hydra
 35660 | Swamp:4  | Got a decaying rune of Zot
 36135 | Vaults:1 | Entered Level 1 of the Vaults
 36186 | Vaults:1 | Reached skill level 19 in Fighting
 36201 | Vaults:1 | Received a gift from Trog
 36239 | Abyss:2  | Cast into level 2 of the Abyss (a wizard)
 36535 | Vaults:1 | Escaped the Abyss
 37095 | Vaults:1 | Received a gift from Trog
 37096 | Vaults:1 | Paralysed by a great orb of eyes for 2 turns
 37608 | Vaults:1 | Identified the +4 bardiche "Joewyts" {drain, *Noise Str+5
                  | Dex+5}
 37676 | Vaults:1 | Identified the +1 battleaxe of Usani {pain, rF- MP+9 Int-4
                  | Stlth+}
 37725 | Vaults:1 | Reached skill level 20 in Fighting
 38498 | Vaults:2 | Reached XP level 20. HP: 194/194 MP: 19/19
 38500 | Vaults:2 | Received a gift from Trog
 38681 | Vaults:2 | Identified the +1 long sword "Huled" {venom, rElec Will-
                  | Stlth+}
 38768 | Vaults:2 | Found a flickering gateway to a bazaar.
 38773 | Bazaar   | Entered a bazaar
 38774 | Bazaar   | Found Gahefaa's Assorted Antiques.
 38774 | Bazaar   | Found Viggaff's Antique Weapon Emporium.
 38775 | Bazaar   | Found Rafuesex's Book Shop.
 38806 | Bazaar   | Found Punn's General Store.
 38832 | Bazaar   | Bought a glowing lajatang for 288 gold pieces
 38847 | Bazaar   | Bought a scroll of enchant weapon for 172 gold pieces
 38847 | Bazaar   | Bought an embroidered cloak for 172 gold pieces
 39365 | Vaults:2 | Found a large runed translucent door.
 39365 | Vaults:2 | Found a large runed translucent door.
 39366 | Vaults:2 | Noticed vegansnacktivist's ghost (adept DDFi)
 39387 | Vaults:2 | Killed vegansnacktivist's ghost
 39738 | Abyss:3  | Cast into level 3 of the Abyss (a deep elf sorcerer)
 39753 | Abyss:3  | Reached skill level 21 in Fighting
 39816 | Abyss:3  | Noticed a bone dragon
 39834 | Abyss:3  | Killed a bone dragon
 39941 | Abyss:3  | Paralysed by accursed screaming for 2 turns
 39945 | Abyss:3  | Paralysed by accursed screaming for 2 turns
 39950 | Abyss:3  | Paralysed by accursed screaming for 2 turns
 39956 | Abyss:3  | Paralysed by accursed screaming for 2 turns
 39962 | Abyss:3  | Paralysed by accursed screaming for 1 turns
 39965 | Abyss:3  | Paralysed by accursed screaming for 1 turns
 40107 | Vaults:2 | Escaped the Abyss
 41373 | Vaults:3 | Found a staircase to the Crypt.
 41377 | Vaults:3 | Received a gift from Trog
 41982 | Vaults:4 | Found Giumoaxt's Book Shop.
 42031 | Vaults:4 | Found Bexkukhlalu's Book Emporium.
 42040 | Vaults:4 | Found Tehekeoff's Antique Weapon Shop.
 42071 | Vaults:4 | Reached skill level 22 in Fighting
 42080 | Vaults:4 | Found Xuirinem's General Store.
 42083 | Vaults:4 | Bought a scroll of blinking for 97 gold pieces
 42083 | Vaults:4 | Bought a scroll of enchant weapon for 97 gold pieces
 42307 | Vaults:4 | Received a gift from Trog
 42379 | Vaults:4 | Reached XP level 21. HP: 199/207 MP: 20/20
 42663 | Vaults:4 | Found Mablofid's Antique Armour Shoppe.
 42669 | Vaults:4 | Bought a glowing buckler for 322 gold pieces
 42852 | Vaults:5 | Entered Level 5 of the Vaults
 42908 | Vaults:4 | Bought a scroll of immolation for 52 gold pieces
 43070 | Vaults:5 | Reached skill level 23 in Fighting
 43073 | Vaults:5 | Noticed Frederick
 43081 | Vaults:5 | Killed Frederick
 43094 | Vaults:5 | Received a gift from Trog
 43095 | Vaults:5 | Reached skill level 10 in Evocations
 43148 | Vaults:5 | Noticed an ancient lich
 43151 | Vaults:5 | Noticed a dread lich
 43161 | Vaults:5 | Killed an ancient lich
 43188 | Vaults:5 | Paralysed by something for 3 turns
 43192 | Vaults:5 | Killed a dread lich
 43266 | Vaults:5 | Noticed an ancient lich
 43286 | Vaults:5 | Killed an ancient lich
 43345 | Vaults:5 | Reached skill level 24 in Fighting
 43688 | Vaults:5 | Identified the +8 scimitar of Cenyocs {pain, rElec}
 43688 | Vaults:5 | Identified the +0 robe of Qazlal's Vengeance {Archmagi}
 43708 | Vaults:5 | Identified the staff of air "Taifah" {rElec rCorr}
 43780 | Vaults:5 | Identified the staff of death "Juas" {rElec rPois rN+ Int-4
                  | Dex+5}
 43837 | Vaults:5 | Received a gift from Trog
 44114 | Vaults:5 | Identified the +9 falchion "Gidocam" {antimagic, rElec
                  | Dex+5}
 44149 | Vaults:5 | Noticed Bai Suzhen
 44157 | Vaults:5 | Killed Bai Suzhen
 44187 | Vaults:5 | Identified the +0 chain mail of the Trombone {Harm rC+
                  | Regen+ Int-2}
 44202 | Vaults:5 | Reached XP level 22. HP: 222/222 MP: 21/21
 44541 | Vaults:5 | Identified the staff of cold "Lostrec" {rC+ Int+2}
 44546 | Vaults:5 | Got a silver rune of Zot
 44641 | Vaults:5 | Acquired the ring "Ufaw" {Fly rPois Slay+3 Stlth+}
 44804 | Depths:1 | Entered Level 1 of the Depths
 45215 | Depths:1 | Found a gateway to Hell.
 45688 | Depths:1 | Found a one-way gate leading to the halls of Pandemonium.
 45916 | Depths:1 | Found an iron altar of Okawaru.
 46049 | Depths:2 | Found Keshetua's Book Emporium.
 46473 | Depths:2 | Identified the +4 whip of Watchfulness {elec, rF++}
 46537 | Depths:2 | Found an iron altar of Okawaru.
 46564 | Depths:2 | Identified the +3 arbalest of Lietz {flame, Dex+4}
 46565 | Depths:2 | Identified the +7 bardiche "Spiderslayer" {flame, rC+}
 47331 | Depths:2 | Identified the ring "Obikaicehe" {rN+ Dex+4}
 47331 | Depths:2 | Identified the +4 double sword "Yqaudiz" {freeze, Will+}
 47331 | Depths:2 | Identified the ring of the Will of the Gods {rN+ rCorr
                  | Str-2 Dex+4}
 47554 | Depths:3 | Received a gift from Trog
 47644 | Depths:3 | Noticed a golden dragon
 47687 | Depths:3 | Slain by a golden dragon

Illustrated notes

Levels and vault maps discovered:
D:1:      minmay_arrival_up_and_down, layout_basic, minmay_lizard_pond
D:2:      minmay_razor_zed, layout_basic
D:3:      layout_loops_ring, slow_altar_2, serial_shops, nicolae_lakefront_shop,
          hellmonk_ecumenical_altar_lost_god
D:4:      layout_basic, mainiacjoe_overflow_paths, roderic_batcave,
          nicolae_hexahallways, uniq_menkaure
D:5:      layout_basic, nzn_hepliaklqana_mist_gate, hangedman_ru_absence,
          kennysheep_mini_moat, gup_sewer_entry_bubbles, minmay_crystal_room,
          kb_lookout_dungeons_type
D:6:      layout_loops_corners, minmay_temple_entry_glassed_door
D:7:      layout_basic, nicolae_overflow_quartered_altars
D:8:      layout_basic, lemuel_crystal_altar, uniq_gastronok
D:9:      layout_basic, mainiacjoe_overflow_large_starburst,
          chequers_serial_rivers_marsh, lightli_fourway_metalbox
D:10:     layout_basic, mainiacjoe_overflow_24_doors, minmay_lair_entry_grove,
          david_orc_3, uniq_amaemon, uniq_josephine
D:11:     layout_roguey, uniq_fannar, uniq_lodul, uniq_psyche, uniq_grum
D:12:     layout_irregular_city
D:13:     layout_loops_ring, ebering_ghost_xom, led_sif_pool, uniq_maurice,
          uniq_kirke
D:14:     layout_roguey, skrybe_vaults_entry_preservation, serial_aquarium,
          aquarium_bridge_straight [aquarium_subvault_bridge,
          aquarium_subvault_wall, aquarium_subvault_bridge,
          aquarium_subvault_window], aquarium_window_2, aquarium_window_double,
          aquarium_window_corridor_3, aquarium_window_1, aquarium_view_2a,
          aquarium_view_4, aquarium_balcony_3a, aquarium_pool_1,
          serial_bayou_lake_a
D:15:     grunt_enter_depths_snipers, layout_stronghold, serial_park_tiny_1
Lair:1:   layout_cave_pods, patterned_corridor, grunt_megastairs_5
Lair:2:   layout_cave_pods, hellmonk_spider_entry_not_the_bees
Lair:3:   layout_small_grid, swamp_mist_pool, ebering_ghost_reflecting_pool,
          grunt_megastairs_3, uniq_rupert
Lair:4:   layout_regular_city, nicolae_slime_entry_field_trip,
          gammafunk_ghost_necromancy
Lair:5:   due_jungle_book, layout_loops_ring, serial_bayou_pond_d,
          grunt_forest_small_clearing_treed
Swamp:1:  nicolae_swamp_long_stream, layout_basic_swamp,
          infiniplex_staircase_pool, uniq_frances, uniq_jorgrun
Swamp:2:  layout_basic_swamp, hangedman_swamp_ruin_wall, swamp_pool5,
          nicolae_swamp_snake_nest
Swamp:3:  layout_falls_marsh, nicolae_swamp_round_clearing
Swamp:4:  swamp_old_school, layout_basic_swamp, gammafunk_ghost_mausoleum,
          swamp_pool1
Spider:1: layout_spider_delve
Spider:2: spiders_nest_scorpion_pit
Spider:3: layout_cave_pods
Spider:4: grunt_spider_rune_parallel, uniq_arachne
Orc:1:    layout_diamond_mine, enter_volcano_1
Orc:2:    st_orc_ogre_mass, layout_caves, gammafunk_ghost_smash
Vaults:1: nicolae_vaults_frosty_reception, nicolae_vaults_apartment_2,
          hangedman_vaults_nodes, vaults_dpeg_emergency_exit,
          nicolae_vaults_mini_display_case, vaults_dpeg_spiral,
          ontoclasm_vaults_ligature, nicolae_vaults_house_2,
          nicolae_vaults_spaceships, nicolae_vaults_library_corner,
          nicolae_vaults_layer_cake_slice, layout_vaults_omnicross
Vaults:2: ebering_ghost_disaster_area, nicolae_vaults_theta, vaults_room_pools,
          v_pattern_3, nicolae_vaults_surprise_closet, v_misc_25,
          nicolae_vaults_specimen_jars, ontoclasm_vaults_bender,
          ontoclasm_vaults_decontamination, v_alt_pattern_6,
          ontoclasm_vaults_fire_temple, ontoclasm_vaults_ring_large,
          layout_vaults_maze, serial_shops, bzr_in_the_mist
Vaults:3: hangedman_vaults_capsules, minmay_crypt_entry_nasty_monster,
          v_misc_12, layout_vaults_omnigrid
Vaults:4: vaults_mumra_minichess, grunt_vaults_diagonal,
          ontoclasm_vaults_gateway, hangedman_vaults_unwind,
          nicolae_vaults_tetromino_Z_2, ontoclasm_vaults_loading_screen,
          v_misc_27, ontoclasm_vaults_pinch, nicolae_vaults_wine_cellar,
          dpeg_vaults_monster_box, layout_vaults_omnibox, serial_shops,
          nicolae_shop_tiny_real_fake_doors, nicolae_shop_rolling_square,
          nicolae_shop_window_shopping, nicolae_shop_tiny_real_fake_doors, shop
Vaults:5: uniq_bai_suzhen, uniq_frederick
Depths:1: layout_basic, hellmouth_3, rand_demon_pan_entry_7,
          minmay_statues_item, st_stairs_7, hangedman_abyss_or_decor_passed,
          kennysheep_okawaru_gauntlet
Depths:2: evilmike_iron_armoury, layout_small_grid, serial_shops, shop,
          pan_entry, hell_entry, nrook_pool_corridor, minmay_the_grid_2x2
          [minmay_the_grid_airy, minmay_the_grid_small_cups,
          minmay_the_grid_garden, minmay_the_grid_prize_shrinking_boxes]
Depths:3: grunt_crosshair, layout_gridlike, enter_ziggurat_b, pf_coc_iceberg,
          kiku_gazebo_garden_becter, abyss_entry_small_statue_room,
          minmay_crystal_water, infiniplex_staircase_squiggle

Skill      XL: |  1  2  3  4  5  6  7  8  9 10 11 12 13 14 15 16 17 18 19 20 21 22 |
---------------+-------------------------------------------------------------------+-----
Maces & Flails | 4 5 6 7 9 11 12 16 | 16.0
Fighting       | 4 5 6 7 8 10 11 13 14 15 16 17 18 20 22 24 | 24.8
Armour         | 3 4 5 6 8 9 11 12 13 14 15 16 17 19 20 21 22 | 22.1
Dodging        | 3 4 5 6 7 9 10 11 12 13 14 15 16 17 18 19 20 | 20.6
Shields        | 7 11 13 14 15 16 18 19 20 | 20.0
Evocations     | 4 7 9 11 12 | 12.2
Throwing       | 1 7 8 10 | 10.0

Action                     |  1- 3 |  4- 6 |  7- 9 | 10-12 | 13-15 | 16-18 | 19-21 | 22-24 || total
---------------------------+-------+-------+-------+-------+-------+-------+-------+-------++-------
  Melee: Mace              |   120 |   167 |    29 |       |       |       |       |       ||   316
         Headbutt          |    14 |    26 |    42 |   165 |   382 |   363 |   356 |   107 ||  1455
         Punch             |       |     3 |     1 |     2 |       |       |       |       ||     6
         Flail             |       |       |   197 |       |       |       |       |       ||   197
         Morningstar       |       |       |    45 |   158 |       |   631 |  1220 |   357 ||  2411
         Demon whip        |       |       |       |   486 |  1119 |   369 |       |       ||  1974
         Unarmed           |       |       |       |     2 |       |       |       |       ||     2
         Eveningstar       |       |       |       |       |       |   511 |       |       ||   511
  Throw: Dart              |       |     8 |    10 |    10 |       |     3 |     2 |       ||    33
         Stone             |       |     3 |       |       |       |       |       |       ||     3
 Invoke: Berserk           |     2 |     4 |    16 |    14 |    13 |     9 |     7 |     2 ||    67
         Brothers in Arms  |       |       |       |       |     2 |       |       |     1 ||     3
         Trog's Hand       |       |       |       |       |     2 |     3 |     2 |     2 ||     9
  Evoke: Wand              |       |       |     1 |       |       |     2 |    24 |     1 ||    28
         Lightning rod     |       |       |       |       |       |       |     6 |     3 ||     9
         Phial of floods   |       |       |       |       |       |       |     1 |     1 ||     2
         Phantom mirror    |       |       |       |       |       |       |     1 |     1 ||     2
         Box of beasts     |       |       |       |       |       |       |     1 |       ||     1
    Use: Scroll            |     3 |     5 |     7 |    16 |     9 |     6 |     9 |     1 ||    56
         Potion            |       |       |     5 |     2 |     4 |    11 |     4 |     5 ||    31
 Armour: Animal skin       |     6 |       |       |       |       |       |       |       ||     6
         Leather armour    |    21 |       |       |       |       |       |       |       ||    21
         Plate armour      |     1 |   100 |   142 |   190 |   313 |    40 |       |       ||   786
         Skin              |       |       |       |     1 |       |       |       |       ||     1
         Crystal plate arm |       |       |       |       |       |  1071 |   696 |   227 ||  1994
  Dodge: Dodged            |    62 |    63 |   105 |   154 |   294 |   756 |   608 |   149 ||  2191
  Block: Tower shield      |       |       |       |   270 |   745 |  1838 |  1279 |   427 ||  4559
